 Dungeon Crawl Stone Soup version 0.20-a0-492-g6327889 (webtiles) character file.

379 ErgoProxy the Insei (level 6, 0/38 HPs)
             Began as an Octopode Transmuter on Jan 15, 2017.
             Was a Follower of Makhleb.
             Slain by Grinder (5 damage)
             ... on level 3 of the Dungeon.
             The game lasted 00:15:13 (3509 turns).

ErgoProxy the Insei (Octopode Transmuter)           Turns: 3509, Time: 00:15:15

Health: 0/38       AC:  6    Str:  9    XL:     6   Next: 74%
Magic:  4/9        EV: 15    Int: 16    God:    Makhleb [*.....]
Gold:   222        SH:  0    Dex: 14    Spells: 3/9 levels left

rFire    . . .     SeeInvis +     - Unarmed
rCold    . . .     Gourm    .   (no shield)
rNeg     . . .     Faith    .   p - +1 hat
rPois    .         Spirit   .   (no amulet)
rElec    .         Reflect  .   e - +4 ring of protection
rCorr    .         Harm     .   h - ring of see invisible
MR       .....                  (no ring)
Stlth    ++........             (no ring)
Regen    0.1/turn               (no ring)
                                (no ring)
                                (no ring)
                                (no ring)

@: appendage (expiring), very slightly contaminated
A: almost no armour, stealthy swim, amphibious, 8 rings, constrict 8, tentacle
spike 3, camouflage 1, gelatinous body 1
a: End Transformation, Renounce Religion


You were on level 3 of the Dungeon.
You worshipped Makhleb.
Makhleb was aware of your devotion.
You were not hungry.
One of your tentacles had a temporary spike.
You visited 1 branch of the dungeon, and saw 3 of its levels.

You collected 222 gold pieces.

Inventory:

Missiles
 a - 73 arrows
Armour
 p - a +1 hat (worn)
Jewellery
 e - a +4 ring of protection (left tentacle)
 h - a ring of see invisible (right tentacle)
Scrolls
 l - a scroll of noise {unknown}
 n - 3 scrolls of remove curse
Potions
 d - a potion of agility
 g - a potion of magic {unknown}
 i - a potion of curing {unknown}
 j - a potion of heal wounds {unknown}
 k - 2 potions of flight
 o - a potion of berserk rage {unknown}
Books
 b - a book of Changes

   Spells                             Type                      Level
   a - Beastly Appendage              Transmutation                1
   b - Sticks to Snakes               Transmutation                2
   c - Spider Form                    Transmutation/Poison         3
   d - Ice Form                       Ice/Transmutation            4
   e - Blade Hands                    Transmutation                5
Comestibles
 c - 2 bread rations
 f - a meat ration


   Skills:
 - Level 1.0 Fighting
 + Level 3.9 Dodging
 - Level 5.1 Unarmed Combat
 - Level 2.0 Spellcasting
 * Level 4.3 Transmutations


You had 3 spell levels left.
You knew the following spells:

 Your Spells              Type           Power        Failure   Level  Hunger
a - Beastly Appendage     Tmut           ###...       4%          1    #......
b - Sticks to Snakes      Tmut           ###.....     8%          2    ###....
c - Spider Form           Tmut/Pois      #.........   28%         3    ###....


Dungeon Overview and Level Annotations

Branches:
Dungeon (3/15)

Altars:
Makhleb

Annotations:
D:3 Grinder


Innate Abilities, Weirdness & Mutations

You cannot wear most types of armour.
You are very stealthy in the water. (Stealth+)
You are amphibious.
You can wear up to eight rings at the same time.
You can use your tentacles to constrict eight enemies at once.
Your skin changes colour to match your surroundings (Stealth+).
Your rubbery body absorbs attacks. (AC +1, EV +1)
One of your tentacles bears a large vicious spike.


Message History

You constrict Grinder, but do no damage.
Your adder withers and dies!
Your adder bites Grinder but does no damage.
Grinder blinks free!
You barely miss Grinder. You grab Grinder.
Your tentacle spike misses Grinder.
Grinder is severely wounded.
Your transformation is almost over.
You constrict Grinder. Grinder hits you.
You writhe in agony.
* * * LOW HITPOINT WARNING * * *
You tentacle-slap Grinder but do no damage.
You pierce Grinder, but do no damage.
Your squeeze misses Grinder.
Grinder is severely wounded.
You constrict Grinder. Grinder barely misses you.
You tentacle-slap Grinder but do no damage.
You pierce Grinder, but do no damage.
You squeeze Grinder, but do no damage.
Grinder is almost dead.
You constrict Grinder. Grinder hits you.
* * * LOW HITPOINT WARNING * * *
You writhe in agony.
You die...

.#.# #.....# #........... .#.#
#.....# #........... .#.# #.....#
#.#'######## .#.# ####..##.#.#.#
.#.# #.....#.#(#
.#.######.#####.#)#
.#.#..........#.#(###############
.#.#(####.###.#.#................
.#.#.# #.###.#S@5(.....#########
.#...####...#.#########.#
.#........#.#.# #.#
.#.######.#.#.# #.# .#.# #(#.#.#
#.# .#.######.#.#.# #.#
.#........#.#.# #.########
.##########.#.#########........#
............#..........#######.##


You could see Grinder and a friendly adder.

Vanquished Creatures
  Sigmund (D:2)
  A centaur (D:3)
  Robin (D:2)
  3 adders (D:2)
  3 oozes
  A worm (D:2)
  2 dart slugs
  2 ball pythons
  A giant cockroach (D:2)
  21 goblins
  9 hobgoblins
  5 jackals
  4 bats
  9 frilled lizards
  11 kobolds
  5 rats
  3 plants (D:1)
82 creatures vanquished.

Vanquished Creatures (collateral kills)
  Jessica (D:2)
1 creature vanquished.

Grand Total: 83 creatures vanquished

Notes
Turn   | Place    | Note
-------+----------+-------------------------------------------
     0 | D:1      | ErgoProxy the Octopode Transmuter began the quest for the Orb.
     0 | D:1      | Reached XP level 1. HP: 13/13 MP: 3/3
    92 | D:1      | Reached XP level 2. HP: 11/18 MP: 3/5
   507 | D:1      | Reached XP level 3. HP: 22/23 MP: 6/6
  1255 | D:2      | Learned a level 2 spell: Sticks to Snakes
  1259 | D:2      | Learned a level 3 spell: Spider Form
  1273 | D:2      | Found a burning altar of Makhleb.
  1291 | D:2      | Became a worshipper of Makhleb the Destroyer
  1298 | D:2      | Noticed Jessica
  1311 | D:2      | Killed Jessica
  1311 | D:2      | Reached XP level 4. HP: 5/28 MP: 4/7
  1558 | D:2      | Found a faded altar of an unknown god.
  1626 | D:2      | Reached skill level 4 in Unarmed Combat
  2099 | D:2      | Reached XP level 5. HP: 32/33 MP: 8/8
  2112 | D:2      | Noticed Robin
  2120 | D:2      | Reached * piety under Makhleb
  2157 | D:2      | Killed Robin
  2400 | D:2      | Noticed Sigmund
  2536 | D:2      | Killed Sigmund
  2536 | D:2      | Reached skill level 5 in Unarmed Combat
  2536 | D:2      | Reached XP level 6. HP: 26/38 MP: 6/9
  3426 | D:3      | Noticed Grinder
  3509 | D:3      | Slain by Grinder

Vault maps used:
D:1:      roderic_crossed_star, lexackson_kobold_supper
D:2:      kennysheep_goblin_castle, chequers_ecumenical_altar_simple_redux,
          bloody_makhleb, uniq_robin, uniq_sigmund, uniq_jessica
D:3:      uniq_grinder

Skill      XL: |  1  2  3  4  5  6 |
---------------+-------------------+-----
Unarmed Combat | 4 5 |  5.1
Dodging        | 3 |  3.9
Transmutations | 3 4 |  4.3
Fighting       | |  1.0
Spellcasting   | |  2.0

Action                   |  1- 3 |  4- 6 || total
-------------------------+-------+-------++-------
Melee: Unarmed           |   148 |   119 ||   267
       Tentacles         |    34 |    21 ||    55
       Constrict         |    21 |    37 ||    58
       Kick              |    37 |    25 ||    62
       Punch             |     4 |     2 ||     6
 Cast: Beastly Appendage |    21 |    29 ||    50
       Sticks to Snakes  |     1 |     5 ||     6
  Use: Scroll            |       |    10 ||    10
 Stab: Sleeping          |     3 |     3 ||     6
  Eat: Chunk             |     2 |     6 ||     8
       Fruit             |       |     3 ||     3
Armor: Skin              |     1 |    23 ||    24
Dodge: Dodged            |    31 |    66 ||    97
